AoeStats
← MyGO.Soyo

Arena

509114883Analyzed
4v4 RM · 6d ago on Sep 25, 2026· 46m 56s· 8 players
Game mode
Random Map
Map size
Large (8 player)
Population
200
Speed
Normal
Resources
Standard
Victory
Conquest
Starting age
Dark Age
Ending age
Imperial Age
RankedLock teamsTeams togetherTeam positionsShared explorationLock speedFull tech treeHidden civsTurbo modeCheats
Victory
Defeat
🇩🇪 Bohemians · Germany
1396
+7
🇮🇳 Dravidians · India
1329
+9
🇺🇸 Huns · United States
1202
+14
🇨🇦 Persians · Canada
1092
+18
🇨🇳 Saxons · China
1188
-13
🇹🇼 Turks · Taiwan
1160
-12
🇹🇼 Bohemians · Taiwan
1157
-12
🇹🇼 Persians · Taiwan
1137
-11
尿尿完要膽丹丹
11:48 Feudal Age
16:05 Castle Age
14:58 Double-Bit Axe
21:43 Imperial Age
19:12 Loom
21:52 Gold Mining
28:13 Redemption
28:24 Sanctity
28:15 Fervor
31:45 Bloodlines
34:16 Padded Archer Armor
34:45 Horse Collar
36:52 Husbandry
39:21 Wheelbarrow
41:13 Heavy Camel Rider
42:26 Heavy Plow
43:50 Forging
46:26 Town Watch
MyGO.Soyo
12:12 Feudal Age
13:10 Double-Bit Axe
13:07 Horse Collar
14:05 Wheelbarrow
16:58 Castle Age
14:51 Gold Mining
15:09 Scale Mail Armor
16:05 Forging
17:54 Bow Saw
17:48 Heavy Plow
18:33 Loom
27:58 Stone Mining
27:45 Pikeman
28:11 Gambesons
28:26 Squires
31:54 Imperial Age
30:00 Hand Cart
30:12 Arson
32:26 Chain Mail Armor
32:46 Iron Casting
32:11 Halberdier
33:14 Conscription
32:14 Clerical Recruitment
33:19 Elite Hearth Troop
35:01 Plate Mail Armor
35:55 Gold Shaft Mining
35:40 Fletching
35:51 Padded Archer Armor
35:56 Elite Skirmisher
習包子小學生
10:37 Feudal Age
15:41 Castle Age
14:57 Double-Bit Axe
15:01 Horse Collar
17:24 Loom
19:20 Bow Saw
20:18 Fletching
23:29 Bodkin Arrow
30:25 Imperial Age
31:11 Chemistry
32:31 Bracer
35:14 Two-Man Saw
脫光看大街
11:06 Feudal Age
15:29 Castle Age
13:25 Horse Collar
14:15 Double-Bit Axe
16:24 Loom
17:14 Wheelbarrow
23:30 Hand Cart
26:02 Heavy Plow
26:15 Bow Saw
29:14 Imperial Age
27:13 Gold Mining
27:14 Stone Mining
27:58 Forging
27:54 Scale Barding Armor
28:53 Gold Shaft Mining
28:16 Fletching
29:54 Iron Casting
31:10 Stone Shaft Mining
30:36 Town Watch
31:24 Chain Barding Armor
32:03 Bloodlines
31:54 Husbandry
32:55 Blast Furnace
34:17 Crop Rotation
35:23 Plate Barding Armor
36:10 Citadels
35:27 Light Cavalry
36:15 Town Patrol
36:12 Bodkin Arrow
36:17 Scale Mail Armor
37:29 Two-Man Saw
39:17 Elite War Elephant
Jessica3_4
8:48 Feudal Age
14:34 Castle Age
13:08 Double-Bit Axe
13:08 Horse Collar
18:32 Bloodlines
18:16 Gold Mining
18:46 Bow Saw
22:00 Scale Barding Armor
23:04 Chain Barding Armor
23:44 Husbandry
24:02 Gold Mining
24:57 Scale Mail Armor
25:09 Forging
27:45 Loom
29:30 Heavy Plow
30:18 Gold Mining
34:17 Imperial Age
32:59 Wheelbarrow
33:06 Wheelbarrow
33:12 Gold Shaft Mining
32:29 Fletching
33:26 Thumb Ring
33:56 Bodkin Arrow
34:35 Pikeman
35:25 Scale Mail Armor
37:13 Padded Archer Armor
39:06 Bracer
41:02 Leather Archer Armor
42:21 Two-Man Saw
42:57 Ballistics
43:37 Chemistry
43:18 Plate Barding Armor
44:36 Hand Cart
44:08 Loom
44:09 Capped Ram
46:33 Siege Ram
sobre
10:08 Feudal Age
14:20 Castle Age
12:52 Double-Bit Axe
15:17 Horse Collar
16:12 Heavy Plow
16:52 Loom
17:46 Wheelbarrow
18:42 Bow Saw
22:22 Hand Cart
22:51 Bloodlines
22:42 Husbandry
22:51 Gold Mining
28:21 Scale Barding Armor
28:27 Forging
29:16 Gold Shaft Mining
28:37 Stone Mining
30:05 Chain Barding Armor
32:47 Imperial Age
30:34 Masonry
30:21 Murder Holes
31:29 Stone Shaft Mining
32:21 Iron Casting
33:59 Architecture
34:33 Blast Furnace
33:03 Cavalier
34:51 Savar
36:35 Ballistics
37:16 Chemistry
36:47 Conscription
36:47 Devotion
40:29 Pikeman
41:10 Squires
43:14 Two-Man Saw
42:47 Crop Rotation
42:03 Halberdier
43:49 Citadels
44:17 Hoardings
Groot123
11:08 Feudal Age
12:30 Double-Bit Axe
14:52 Castle Age
12:41 Horse Collar
15:53 Bow Saw
15:44 Heavy Plow
17:29 Wheelbarrow
18:02 Fervor
26:21 Imperial Age
24:00 Loom
24:48 Hand Cart
25:48 Chemistry
25:35 Pikeman
26:16 Scale Mail Armor
26:31 Town Watch
27:14 Chain Mail Armor
27:01 Squires
28:33 Plate Mail Armor
29:07 Two-Man Saw
28:47 Padded Archer Armor
29:29 Fortified Wall
29:45 Forging
30:06 Halberdier
32:12 Iron Casting
32:14 Town Patrol
32:43 Masonry
32:40 Siege Engineers
32:26 Houfnice
33:47 Sanctity
34:09 Conscription
33:20 Elite Skirmisher
34:19 Fletching
35:01 Architecture
35:33 Wagenburg Tactics
35:47 Leather Archer Armor
35:45 Bodkin Arrow
36:14 Ballistics
36:12 Arson
37:07 Bracer
37:28 Bombard Tower
38:59 Blast Furnace
41:29 Ring Archer Armor
44:45 Coinage
snek_fan
10:00 Feudal Age
13:54 Castle Age
12:43 Double-Bit Axe
12:39 Horse Collar
15:31 Fletching
21:11 Loom
21:44 Padded Archer Armor
24:55 Bodkin Arrow
26:48 Leather Archer Armor
27:26 Wheelbarrow
27:37 Thumb Ring
31:28 Ballistics
31:59 Hand Cart
37:10 Imperial Age
34:28 Town Watch
37:02 Masonry
38:17 Bracer
39:19 Chemistry
39:55 Ring Archer Armor
41:39 Sanctity
41:23 Elite Elephant Archer
42:41 Block Printing
44:43 Husbandry
45:45 Gold Mining
46:08 Bow Saw
45:59 Heavy Plow
Connection lost

Rejoining the realm…

Still unreachable

The connection could not be restored.

Session expired

The server has moved on; the page needs a fresh start.